 Dungeon Crawl Stone Soup version 0.30-a0-605-gb2882149bf (webtiles) character file.

Game seed: 6258218644145049414

5 Twinkles the Trooper (level 1, 19/19 HPs)
             Began as an Armataur Cinder Acolyte on Jan 7, 2023.
             Was a High Priest of Ignis.
             Got out of the dungeon alive.
             The game lasted 00:01:07 (76 turns).

Twinkles the Trooper (Armataur Cinder Acolyte)        Turns: 76, Time: 00:01:07

Health: 19/19      AC:  4    Str: 19    XL:     1   Next: 66%
Magic:  2/2        EV:  9    Int: 14    God:    Ignis [*****.]
Gold:   7          SH:  0    Dex:  5    Spells: 2/2 levels left

rFire   + . .      SeeInvis .    a - -1 mace (flame)
rCold   . . .      Faith    .    (no shield)
rNeg    . . .      Spirit   .    b - +0 robe
rPois   .          Reflect  .    (no helmet)
rElec   .          Harm     .    (no cloak)
rCorr   .          Roll     +    (no gloves)
Will    .....                    (no barding)
Stlth   +                        (no amulet)
HPRegen 0.23/turn                (no ring)
MPRegen 0.08/turn                (no ring)

@: no status effects
A: large, rugged brown scales 3, deformed body, armoured tail, roll, long
tongue, awkward tongue
a: Renounce Religion, Fiery Armour, Foxfire Swarm, Rising Flame


You escaped.
You worshipped Ignis.
Ignis was extremely pleased with you.
You visited 1 branch of the dungeon, and saw 1 of its levels.

You collected 7 gold pieces.

Inventory:

Hand Weapons
 a - a -1 mace of flaming (weapon)
Missiles
 e - 6 poisoned darts (quivered)
Armour
 b - a +0 robe (worn)
Scrolls
 c - a scroll of identify {unknown}
Potions
 d - 2 potions of curing {unknown}


   Skills:
 + Level 2.8 Fighting
 + Level 2.8 Maces & Flails
 + Level 1.1 Spellcasting
 + Level 2.8 Fire Magic


You had 2 spell levels left.
You didn't know any spells.
Your spell library contained the following spells:

 Spells                   Type           Power      Damage    Failure   Level
 Scorch                   Fire           16%        2d6       12%         2
 Sting                    Tmut/Pois      0%         1d3       26%         1


Dungeon Overview and Level Annotations

Branches:
Dungeon (1/15) Zot: 5921

Altars:


Innate Abilities, Weirdness & Mutations

You are completely covered in rugged brown scales. (AC +3, +7% HP)
Armour fits poorly on your strangely shaped body.
You have a long armoured tail.
You roll when moving toward enemies. (Rampage)
Your long tongue fully drains potion bottles. (2x potion effects)
Your tongue gives you trouble enunciating. (1.5x scroll delay)


Message History

Found an escape hatch in the floor.
A hobgoblin comes into view.
The hobgoblin shouts!
You see here 6 poisoned darts.
e - 6 poisoned darts A giant cockroach comes into view.
The giant cockroach bites something.
You roll towards the hobgoblin!
You hit the hobgoblin. You burn the hobgoblin.
The hobgoblin is severely wounded.
The hobgoblin hits you. The giant cockroach bites you. The hobgoblin hits you.
You are too injured to fight recklessly!
You are too injured to fight recklessly!
You are too injured to fight recklessly!
You sock the hobgoblin! You burn the hobgoblin.
You kill the hobgoblin!
A nearby fungus withers and dies.
The giant cockroach bites you but does no damage.
The giant cockroach bites you.
You closely miss the giant cockroach.
Your tail-slap misses the giant cockroach.
The giant cockroach bites you but does no damage.
You barely miss the giant cockroach. The giant cockroach closely misses you.
The giant cockroach bites you.
You closely miss the giant cockroach.
The giant cockroach bites you but does no damage.
You hit the giant cockroach. You burn the giant cockroach.
The giant cockroach is heavily wounded.
The giant cockroach closely misses you. The giant cockroach barely misses you.
You barely miss the giant cockroach.
The giant cockroach is heavily wounded.
The giant cockroach bites you but does no damage.
You hit the giant cockroach. You burn the giant cockroach.
You kill the giant cockroach!
You now have 7 gold pieces.
You open the door.
There is an open door here.
HP restored.
There is a staircase leading out of the dungeon here.
Are you sure you want to leave the Dungeon?
This will make you lose the game!
You have escaped!

..##^....#
P#..^....#
#.##^....#
.#.......#
#.##.....#
#.#...#.##
#.#_..#.##
#.#...#..#########
#.##..##.'~~≈~.#@#
.#....##.#..~~≈#.#
#.##^.##.#~.PPP#.#
.#.....#.#≈≈.....#
..##^....#~.~.≈~.#
......##.#.P.≈~PP#
########.'~≈P.P~~#
###########


There were no monsters in sight!

Vanquished Creatures
  An endoplasm (D:1)
  A giant cockroach (D:1)
  A hobgoblin (D:1)
  A quokka (D:1)
4 creatures vanquished.

Vanquished Creatures (others)
  A fungus (D:1)
1 creature vanquished.

Grand Total: 5 creatures vanquished

Notes
Turn   | Place    | Note
-------+----------+-------------------------------------------
     0 | D:1      | Twinkles the Armataur Cinder Acolyte began the quest for
                  | the Orb.
     0 | D:1      | Reached XP level 1. HP: 19/19 MP: 2/2
    12 | D:1      | Found a faded altar of an unknown god.
    24 | D:1      | Got Plato's Anthology of Therianthropy
    76 | D:$      | Got out of the dungeon alive.

Illustrated notes

Levels and vault maps discovered:
D:1:      lightli_arrival_flooded_house, layout_rooms,
          shapermc_ecumenical_altar_rom_forum

Action                   || total
-------------------------++-------
Melee: Mace              ||    11
       Punch             ||     1
Armor: Robe              ||     4
Dodge: Dodged            ||     4

Table legend: (Time is in decaauts)
 A = Elapsed time spent in this place.
 B = Non-inter-level travel time spent in this place.
 C = Inter-level travel time spent in this place.
 D = Time resting spent in this place.
 E = Time spent auto-exploring this place.
 F = Levels seen in this place.
 G = Mean time per level.
                   A        B        C        D        E       F      G
               +--------+--------+--------+--------+--------+-----+--------+
         Total |     78 |     56 |     22 |      0 |     21 |   1 |   78.0 |
       Dungeon |     78 |     56 |     22 |      0 |     21 |   1 |   78.0 |
               +--------+--------+--------+--------+--------+-----+--------+

Top non-repeatable levels by time:
     D:1: 78 daAuts
